 Dungeon Crawl Stone Soup version 0.15-a0-2165-g9981db6 (webtiles) character file.

5425 Conan321 the Ducker (level 10, 0/147 HPs)
             Began as a Troll Hunter on July 19, 2014.
             Was a High Priest of Trog.
             Slain by a blink frog (16 damage)
             ... on Level 1 of the Lair of Beasts on July 20, 2014.
             The game lasted 00:41:18 (7387 turns).

Conan321 the Ducker (Troll Hunter)                  Turns: 7387, Time: 00:41:18

HP   0/147       AC  6     Str 30      XL: 10   Next: 40%
MP   4/4         EV 14     Int  8      God: Trog [*****.]
Gold 408         SH  0     Dex 14      Spells:  0 memorised,  9 levels left

rFire  + . .     SeeInvis .     a - +9 long sword "Xar Hiy" {slice, Int+1}
rCold  + . .     Clarity  .     J - +0 robe {rC+ rF+}
rNeg   . . .     rCorr    .     (shield restricted)
rPois  .         rRot     .     (helmet restricted)
rElec  .         Spirit   .     o - +0 cloak
SustAb .         Warding  .     (gloves unavailable)
rMut   .         Stasis   .     (boots unavailable)
Gourm  +                        (no amulet)
MR     .....                    (no ring)
                                T - ring of wizardry

@: berserking, very slightly contaminated, very quick, not resistant to hostile
enchantments, extremely unstealthy
A: unfitting armour, claws 3, agile 1, fast metabolism 3, gourmand, regeneration
2, saprovore 2, shaggy fur 1, strong 1, tough skin 2, placid magic 1
a: Burn Spellbooks, Berserk, Trog's Hand, Brothers in Arms, Renounce Religion


You were on level 1 of the Lair of Beasts.
You worshipped Trog.
Trog was extremely pleased with you.
You were hungry.

You visited 2 branches of the dungeon, and saw 9 of its levels.

You collected 505 gold pieces.
You spent 97 gold pieces at shops.

Inventory:

Hand weapons
 a - the +9 long sword "Xar Hiy" (weapon) {slice, Int+1}
   (You found it on level 6 of the Dungeon)

   It inflicts extra damage upon your enemies.
   It affects your intelligence (+1).
 b - a +0 hand crossbow of freezing
 j - a cursed -1 shortbow
 l - a +0 hunting sling
 G - a +3 short sword
 H - a -3 spear
 I - a +3 trident of protection
 N - a +0 scythe of venom
 V - a +0 blowgun
Missiles
 c - a throwing net
 f - 57 sling bullets
 h - 130 stones
 n - 4 large rocks
 p - 51 bolts
 u - 8 curare-tipped needles
 w - 14 arrows of frost
 x - 24 poisoned arrows
 y - 13 poisoned javelins
 A - 101 arrows
 B - 12 tomahawks
 C - 17 bolts of flame
 D - 16 steel bolts
 M - 10 arrows of flame
 P - 6 silver javelins (quivered)
 S - 6 poisoned tomahawks
 W - 7 poisoned needles
Armour
 d - a +0 animal skin
 o - a +0 cloak (worn)
 J - a +0 robe of resistance (worn)
 O - a troll hide
Magical devices
 r - a wand of enslavement (7) {unknown}
 K - a wand of random effects (22) {unknown}
 L - a wand of confusion (10) {unknown}
Comestibles
 q - 3 royal jellies
 s - 2 fruits
 z - 8 meat rations
 E - a beef jerky
 F - 5 bread rations
Scrolls
 e - a scroll of teleportation
 g - a scroll of remove curse
 k - 4 scrolls of magic mapping
 t - a scroll of identify
 v - a scroll of blinking
 X - a scroll of summoning {unknown}
 Z - a scroll of recharging
Jewellery
 R - a -2 ring of strength
 T - a ring of wizardry (left claw)
Potions
 i - a potion of curing
 m - 3 potions of might
 Q - a potion of lignification {unknown}
 U - a potion of cancellation {unknown}
 Y - a potion of agility


   Skills:
 + Level 5.7 Fighting
 + Level 3.6 Long Blades
 + Level 3.4 Polearms
 + Level 2.5 Crossbows
 + Level 6.1 Throwing
 + Level 7.9 Dodging
 + Level 2.4 Stealth
 + Level 3.5 Unarmed Combat


You had 9 spell levels left.
You didn't know any spells.

Dungeon Overview and Level Annotations

Branches:
Dungeon (8/15)             Temple (0/1) D:7            Lair (1/8) D:8

Altars:
Ashenzari
Cheibriados
Elyvilon
Fedhas
Gozag
Kikubaaqudgha
Makhleb
Qazlal
Sif Muna
Trog
Yredelemnul

Shops:
D:4 *   D:7 (

Annotations:
Lair:1 Nergalle


Innate Abilities, Weirdness & Mutations

You are too large for most types of armour.
You have claws for hands.
Your metabolism is lightning-fast.
You like to eat raw meat.
You heal very quickly.
You can eat rotten meat.
You are covered in fur (AC +1).
You have very tough skin (AC +2).
You are agile. (Dex +2)
Your muscles are strong. (Str +2)
Your spells are a little easier to cast, but a little less powerful.


Message History

The komodo dragon bites your two-headed ogre.
You slash Nergalle!
Nergalle is moderately wounded.
The blink frog hits you!
* * * LOW HITPOINT WARNING * * *
Something hits your two-headed ogre but does no damage.
Nergalle casts a spell at you.
Orcish apparitions take form around you.
The porcupine bites you.
* * * LOW HITPOINT WARNING * * *
Unknown command.
The komodo dragon bites your two-headed ogre!
Your two-headed ogre dies!
Your two-headed ogre's corpse disappears in a puff of smoke!
You are too berserk!
You are too berserk!
You slash Nergalle!
Nergalle is moderately wounded.
The blink frog hits you!
You die...

.........l..........#...###
..................<.#.....#
........Z..................
.........Z...........###.#
.....###ZZ............#...
....###P.......>........#.
..P......Z..............##
##....FFZ........#.P#.#.
#...r.@Z......##.......
#....Zo....##.. .###..#
#............#....# #..
.....##.........#... ..#
.... .)......... # ### ..
...$...... . ##.......
...#... ...


You could see Nergalle, a komodo dragon, a spectral orc, 2 spectral orc knights,
a spectral orc warlord, 4 spectral orc warriors, 2 blink frogs and a porcupine.

Vanquished Creatures
  Pikel (D:7)
  3 wandering mushrooms (D:8)
  A troll (D:6)
  4 yaks (Lair:1)
  A water moccasin (D:6)
  An orc warrior (D:8)
  4 sky beasts
  A slave (D:7)
  3 ogres
  5 centaurs
  Sigmund (D:7)
  The ghost of Conan321 the Vandal, an average HaHu of the Shining One (D:3)
  A necrophage (D:7)
  8 giant frogs
  A big kobold (D:8)
  Blork the orc (D:5)
  3 scorpions
  A troll zombie (D:7)
  6 crimson imps
  A jelly (D:7)
  2 goliath beetles
  4 orc priests
  A centaur zombie (D:8)
  An orc wizard (D:6)
  5 hounds
  2 iguanas
  A worker ant (D:7)
  An ogre zombie (D:7)
  Ijyb (D:5)
  7 adders
  10 gnolls (D:5)
  4 green rats (Lair:1)
  An inept item mimic (D:7)
  4 worms
  7 giant geckos
  23 orcs
  22 bats
  5 giant cockroaches
  15 goblins
  12 hobgoblins
  6 jackals
  3 quokkas
  10 giant newts
  A hobgoblin zombie (D:7)
  24 kobolds
  A kobold skeleton (D:7)
  An orc skeleton (D:5)
  6 rats
  4 fungi (D:8)
232 creatures vanquished.

Vanquished Creatures (collateral kills)
  A blink frog (Lair:1)
  A yak (Lair:1)
  An iguana (Lair:1)
  2 green rats (Lair:1)
5 creatures vanquished.

Vanquished Creatures (others)
  2 two-headed ogres (Lair:1)
  2 slaves (D:7)
  A scorpion (D:7)
  An orc (D:7)
  A fungus (D:8)
7 creatures vanquished.

Grand Total: 244 creatures vanquished

Notes
Turn   | Place    | Note
--------------------------------------------------------------
     0 | D:1      | Conan321, the Troll Hunter, began the quest for the Orb.
     0 | D:1      | Reached XP level 1. HP: 19/19 MP: 1/1
    79 | D:1      | Reached skill level 4 in Throwing
    83 | D:1      | Reached XP level 2. HP: 27/27 MP: 1/1
   523 | D:1      | Reached XP level 3. HP: 33/35 MP: 2/2
   687 | D:2      | Found a basalt altar of Yredelemnul.
   687 | D:2      | Found a snail-covered altar of Cheibriados.
   699 | D:2      | Found a deep blue altar of Sif Muna.
   699 | D:2      | Found a bloodstained altar of Trog.
   700 | D:2      | Found an ancient bone altar of Kikubaaqudgha.
   700 | D:2      | Found a shattered altar of Ashenzari.
   701 | D:2      | Found an opulent altar of Gozag.
   715 | D:2      | Became a worshipper of Trog the Wrathful
  1194 | D:3      | Reached XP level 4. HP: 42/42 MP: 2/2
  1321 | D:3      | Noticed Conan321's ghost (average HaHu)
  1339 | D:3      | Killed Conan321's ghost
  1339 | D:3      | Reached XP level 5. HP: 36/49 MP: 2/2
  1548 | D:3      | Acquired Trog's first power
  1668 | D:3      | Found a white marble altar of Elyvilon.
  1915 | D:4      | Found Seastean's General Store.
  1919 | D:4      | Bought a scroll of blinking for 97 gold pieces
  2190 | D:4      | Noticed an ogre
  2199 | D:4      | Killed an ogre
  2199 | D:4      | Reached XP level 6. HP: 38/59 MP: 3/3
  2235 | D:5      | Entered Level 5 of the Dungeon
  2263 | D:5      | Reached skill level 1 in Polearms
  2263 | D:5      | Reached skill level 1 in Stealth
  2454 | D:5      | Noticed Ijyb
  2460 | D:5      | Reached XP level 7. HP: 29/66 MP: 3/3
  2473 | D:5      | Killed Ijyb
  2475 | D:5      | Acquired Trog's second power
  2515 | D:5      | Found a blossoming altar of Fedhas.
  2530 | D:5      | Found a stormy altar of Qazlal.
  2672 | D:5      | Noticed Blork the orc
  2682 | D:5      | Killed Blork the orc
  2826 | D:5      | Gained mutation: Your spells are a little easier to cast, but a little less powerful. [potion of mutation]
  2826 | D:5      | Gained mutation: You are agile. (Dex +2) [potion of mutation]
  2826 | D:5      | Gained mutation: Your muscles are strong. (Str +2) [potion of mutation]
  3557 | D:5      | Reached skill level 5 in Dodging
  3557 | D:5      | Reached XP level 8. HP: 68/76 MP: 3/3
  4177 | D:6      | Got a dazzling long sword
  4178 | D:6      | Identified the +9 long sword "Xar Hiy" {slice, Int+1} (You found it on level 6 of the Dungeon)
  4701 | D:6      | Reached skill level 6 in Dodging
  4798 | D:6      | Reached skill level 5 in Throwing
  4814 | D:6      | Noticed a troll
  4821 | D:6      | Killed a troll
  4821 | D:6      | Reached XP level 9. HP: 32/85 MP: 4/4
  4882 | D:6      | Acquired Trog's third power
  4980 | D:6      | Reached skill level 1 in Long Blades
  5320 | D:7      | Noticed Pikel
  5527 | D:7      | Found a staircase to the Ecumenical Temple.
  5550 | D:7      | Noticed Sigmund
  5555 | D:7      | Killed Sigmund
  5624 | D:7      | Received a gift from Trog
  5676 | D:7      | Killed Pikel
  5676 | D:7      | Reached skill level 5 in Fighting
  5676 | D:7      | Reached skill level 1 in Crossbows
  5848 | D:7      | Found Xuxzoso's Weapon Emporium.
  5902 | D:7      | Found a burning altar of Makhleb.
  5982 | D:7      | Found a burning altar of Makhleb.
  5994 | D:7      | Reached skill level 7 in Dodging
  6431 | D:8      | Received a gift from Trog
  6448 | D:8      | Found a staircase to the Lair.
  6462 | D:8      | Reached XP level 10. HP: 96/96 MP: 4/4
  7184 | Lair:1   | Entered Level 1 of the Lair of Beasts
  7216 | Lair:1   | Received a gift from Trog
  7376 | Lair:1   | Noticed Nergalle
  7378 | Lair:1   | Noticed a spectral orc warlord
  7387 | Lair:1   | Slain by a blink frog

Action                   |  1- 3 |  4- 6 |  7- 9 | 10-12 || total
-------------------------+-------+-------+-------+-------++-------
Melee: Unarmed           |   134 |   103 |       |       ||   237
       Trident           |       |    53 |   240 |       ||   293
       Long sword        |       |       |   141 |    94 ||   235
 Fire: Hand crossbow     |       |       |    38 |       ||    38
Throw: Large rock        |     2 |     5 |       |       ||     7
       Throwing net      |       |     1 |     2 |       ||     3
       Tomahawk          |       |       |    43 |       ||    43
       Javelin           |       |       |    10 |       ||    10
Invok: Burn Spellbooks   |       |       |     1 |     1 ||     2
       Trog's Hand       |       |       |     1 |     1 ||     2
       Berserk           |       |       |       |     2 ||     2
       Brothers in Arms  |       |       |       |     2 ||     2
  Use: Scroll            |       |       |    12 |     1 ||    13
       Potion            |       |       |     8 |       ||     8
 Stab: Sleeping          |     1 |     2 |     1 |     1 ||     5
       Distracted        |       |       |     1 |       ||     1
  Eat: Chunk             |     9 |    13 |    33 |     9 ||    64
       Fruit             |       |       |     2 |       ||     2
       Beef jerky        |       |       |     2 |       ||     2
